 Dungeon Crawl Stone Soup version 0.30-a0-341-g682706514a (webtiles) character file.

Game seed: 544157594155223410

158 drewk1942 the Digger (level 5, 0/38 HPs)
             Began as a Draconian Earth Elementalist on Nov 1, 2022.
             Slain by Ijyb
             ... wielding a +0 club
              (6 damage)
             ... on level 3 of the Dungeon.
             The game lasted 00:04:38 (2563 turns).

drewk1942 the Digger (Draconian Earth Elementalist) Turns: 2563, Time: 00:04:38

Health: 0/38       AC:  5    Str: 10    XL:     5   Next: 16%
Magic:  6/9        EV:  9    Int: 18    God:
Gold:   130        SH:  0    Dex: 11    Spells: 6/10 levels left

rFire   . . .      SeeInvis .    c - +0 spear
rCold   . . .      Faith    .    (no shield)
rNeg    . . .      Spirit   .    (body armour unavailable)
rPois   .          Reflect  .    (helmet restricted)
rElec   .          Harm     .    (no cloak)
rCorr   .          Rampage  .    (no gloves)
Will    .....                    (no boots)
Stlth   ++........               g - amulet of magic regeneration
HPRegen 0.26/turn                (no ring)
MPRegen 0.51/turn                (no ring)

@: grasped by roots, constricted
A: AC +5, unfitting armour, cold-blooded
a: no special abilities


You were on level 3 of the Dungeon.
You visited 1 branch of the dungeon, and saw 3 of its levels.

You collected 130 gold pieces.

Inventory:

Hand Weapons
 c - a +0 spear (weapon)
Armour
 r - a scarf of harm
Jewellery
 g - an amulet of magic regeneration (around neck)
Scrolls
 b - a scroll of blinking
 d - a scroll of amnesia {unknown}
 f - a scroll of teleportation {unknown}
 i - a scroll of fear {unknown}
 j - 10 scrolls of identify {unknown}
 m - 2 scrolls of noise {unknown}
 p - 3 scrolls of fog {unknown}
Potions
 a - 3 potions of magic
 e - 2 potions of might {unknown}
 h - 3 potions of degeneration {unknown}
 k - a potion of berserk rage {unknown}
 l - a potion of haste {unknown}
 n - a potion of flight {unknown}
 o - 3 potions of curing
 q - 2 potions of resistance {unknown}
 s - a potion of heal wounds {unknown}


   Skills:
 - Level 1.7 Dodging
 - Level 1.7 Stealth
 + Level 3.0 Spellcasting
 + Level 2.5 Transmutations
 * Level 4.7 Earth Magic


You had 6 spell levels left.
You knew the following spells:

 Your Spells              Type           Power      Damage    Failure   Level
a - Sandblast             Erth           38%        2d10      2%          1
b - Stone Arrow           Conj/Erth      22%        3d8       19%         3

Your spell library contained the following spells:

 Spells                   Type           Power      Damage    Failure   Level
 Passwall                 Tmut/Erth      12%        N/A       5%          2
 Apportation              Tloc           4%         N/A       16%         1
 Necrotise                Necr           8%         1d4       16%         1
 Summon Small Mammal      Summ           8%         N/A       16%         1
 Petrify                  Tmut/Erth      15%        N/A       36%         4


Dungeon Overview and Level Annotations

Branches:
Dungeon (3/15)

Altars:
Yredelemnul

Shops:
D:3 !

Annotations:
D:3 1 runed translucent door, Ijyb


Innate Abilities, Weirdness & Mutations

Your plain brown scales are hard. (AC +5)
You cannot fit into any form of body armour.
You are cold-blooded and may be slowed by cold attacks.


Message History

Ijyb is unaffected.
The grasping roots constrict you!
The blast of sand hits Ijyb.
Ijyb is moderately wounded.
Ijyb hits you with a +0 club. The grasping roots constrict you.
The grasping roots release their grip on you.
The blast of sand misses Ijyb.
Ijyb misses you. Ijyb barely misses you.
The blast of sand hits Ijyb but does no damage.
Ijyb is moderately wounded.
Ijyb zaps a wand.
The roots erupt in riotous growth!
The grasping roots grab you!
Ijyb is unaffected.
The grasping roots constrict you.
The blast of sand hits Ijyb.
Ijyb is moderately wounded.
Ijyb hits you with a +0 club. The grasping roots constrict you.
Ijyb hits you with a +0 club. The grasping roots constrict you.
The grasping roots release their grip on you.
You are too injured to fight recklessly!
Casting: Sandblast (safe; 2% risk of failure)
Confirm with . or Enter, or press ? or * to list all spells.
Aiming: Sandblast (safe; 2% risk of failure)
Press: ? - help, Shift-Dir - straight line, f/p - Ijyb
Aim: Ijyb, wielding a +0 club, wearing a +0 leather armour and carrying a wand of roots (10) (moderately wounded, 77% to hit)
The blast of sand hits Ijyb.
Ijyb is heavily wounded.
Ijyb zaps a wand.
The roots erupt in riotous growth!
The grasping roots grab you!
Ijyb is unaffected.
The grasping roots constrict you.
* * * LOW HITPOINT WARNING * * *
Casting: Sandblast (safe; 2% risk of failure)
Confirm with . or Enter, or press ? or * to list all spells.
Aiming: Sandblast (safe; 2% risk of failure)
Press: ? - help, Shift-Dir - straight line, f/p - Ijyb
Aim: Ijyb, wielding a +0 club, wearing a +0 leather armour and carrying a wand of roots (9) (heavily wounded, 77% to hit)
The blast of sand hits Ijyb but does no damage.
Ijyb is heavily wounded.
Ijyb hits you but does no damage. The grasping roots constrict you.
* * * LOW HITPOINT WARNING * * *
Ijyb screams, "Get away!"
Ijyb hits you with a +0 club.
You die...

.# #...## #.##..####### .#
###..######.#.......... .#######
#...........#..#######. ......(#
#...........#..# #.
.......####.............## #.
...........÷.......#..### #.
.......####......#....# #.
......## #....g.##.#.# #.
......# ######@##..># #†
##....######## #.###### #.
#...........###.### #.
#...........#.....########## #.
#...........#..............####.
#...........#............†......
#......)....#...................
#...........#...................
#....########.....#######.......


You could see Ijyb.

Vanquished Creatures
  A gnoll bouda (D:3)
  8 adders
  An orc (D:3)
  6 ball pythons
  3 bats
  7 endoplasms
  6 goblins
  10 hobgoblins
  3 jackals (D:2)
  2 quokkas
  2 frilled lizards
  2 kobolds
  4 rats
55 creatures vanquished.

Notes
Turn   | Place    | Note
-------+----------+-------------------------------------------
     0 | D:1      | drewk1942 the Draconian Earth Elementalist began the quest
                  | for the Orb.
     0 | D:1      | Reached XP level 1. HP: 14/14 MP: 3/3
   249 | D:1      | Reached XP level 2. HP: 20/20 MP: 1/5
   752 | D:2      | Reached XP level 3. HP: 22/26 MP: 4/6
   782 | D:2      | Learned a level 3 spell: Stone Arrow
   972 | D:2      | Reached skill level 4 in Earth Magic
  1016 | D:2      | Reached XP level 4. HP: 22/33 MP: 2/8
  2088 | D:3      | Found a runed translucent door.
  2167 | D:3      | Found Wogar's Distillery.
  2331 | D:3      | Reached XP level 5. HP: 38/38 MP: 7/9
  2416 | D:3      | Noticed Ijyb
  2479 | D:3      | Found a basalt altar of Yredelemnul.
  2563 | D:3      | Slain by Ijyb

Illustrated notes

Levels and vault maps discovered:
D:1:      tarquinn_simple_flora_water_d, layout_rooms,
          nicolae_concentric_dashed_squares_mild
D:2:      layout_basic
D:3:      minmay_door_path, layout_basic, yredelemnul_altar_generic,
          ebering_ghost_reflecting_pool, serial_shops,
          nicolae_shop_window_shopping, uniq_ijyb

Skill      XL: |  1  2  3  4  5 |
---------------+----------------+-----
Earth Magic    | 4 |  4.7
Transmutations | 2 |  2.5
Spellcasting   | 3 |  3.0
Dodging        | |  1.7
Stealth        | |  1.7

Action                   |  1- 3 |  4- 6 || total
-------------------------+-------+-------++-------
Melee: Spear             |    26 |     6 ||    32
       Tailslap          |     3 |     2 ||     5
 Cast: Sandblast         |    45 |    44 ||    89
  Use: Scroll            |       |     1 ||     1
Armor: Skin              |    10 |     6 ||    16
Dodge: Dodged            |    21 |    16 ||    37

Table legend: (Time is in decaauts)
 A = Elapsed time spent in this place.
 B = Non-inter-level travel time spent in this place.
 C = Inter-level travel time spent in this place.
 D = Time resting spent in this place.
 E = Time spent auto-exploring this place.
 F = Levels seen in this place.
 G = Mean time per level.
                   A        B        C        D        E       F      G
               +--------+--------+--------+--------+--------+-----+--------+
         Total |   2609 |   2573 |     36 |      0 |   2162 |   3 |  869.7 |
       Dungeon |   2609 |   2573 |     36 |      0 |   2162 |   3 |  869.7 |
               +--------+--------+--------+--------+--------+-----+--------+

Top non-repeatable levels by time:
     D:2: 1088 daAuts
     D:3: 795 daAuts
     D:1: 725 daAuts
